 Dungeon Crawl Stone Soup version 0.30.0-11-gf55b779eaf (webtiles) character file.

Game seed: 7475149932208502904

219 Jackthecabe the Slasher (level 5, -3/26 HPs)
             Began as a Vine Stalker Gladiator on May 16, 2023.
             Was a Believer of Uskayaw.
             Slain by Menkaure (6 damage)
             ... on level 4 of the Dungeon.
             The game lasted 00:05:22 (3122 turns).

Jackthecabe the Slasher (Vine Stalker Gladiator)    Turns: 3122, Time: 00:05:22

Health: -3/26      AC:  5    Str: 17    XL:     5   Next: 96%
Magic:  0/15       EV: 12    Int:  8    God:    Uskayaw [**....]
Gold:   214        SH:  0    Dex: 17    Spells: 4/4 levels left

rFire   . . .        i - +4 dagger
rCold   . . .        (no shield)
rNeg    . . .        b - +0 leather armour
rPois   .            c - +0 helmet
rElec   .            (no cloak)
rCorr   .            x - +0 pair of gloves
SInv    .            (no boots)
Will    .....        s - amulet of magic regeneration
Stlth   ++           M - ring of magical power
HPRegen 1.04/turn    (no ring)
MPRegen 0.54/turn

%: guardian spirit
@: no status effects
A: fangs 2, regeneration 1, magic shield, antimagic bite, no potion heal 2
a: Renounce Religion, Stomp, Line Pass


You were on level 4 of the Dungeon.
You worshipped Uskayaw.
Uskayaw was noncommittal.
You visited 2 branches of the dungeon, and saw 5 of its levels.

You collected 214 gold pieces.


Innate Abilities, Weirdness & Mutations

You have extremely sharp teeth.
Your natural rate of healing is unusually fast.
When hurt, damage is shared between your health and your magic reserves.
Your bite disrupts and absorbs the magic of your enemies.
Potions cannot restore your health.


   Skills:
 - Level 1.7 Fighting
 + Level 1.6(3.6) Short Blades
 + Level 5.1(5.3) Long Blades
 - Level 1.7 Throwing
 - Level 2.4 Dodging
 + Level 2.4 Stealth


You had 4 spell levels left.
You didn't know any spells.
Your spell library was empty.

Inventory:

Hand Weapons
 a - a +0 long sword
 i - a +4 dagger (weapon)
Missiles
 d - 3 throwing nets (quivered) {=f}
 e - 6 javelins
Armour
 b - a +0 leather armour (worn)
 c - a +0 helmet (worn)
 x - a +0 pair of gloves (worn)
Jewellery
 s - an amulet of magic regeneration (around neck)
 y - an amulet of the acrobat
 M - a ring of magical power (left hand)
Wands
 t - a wand of charming (13)
Scrolls
 f - 2 scrolls of vulnerability {unknown}
 g - 6 scrolls of identify {unknown}
 h - a scroll of amnesia {unknown}
 k - a scroll of enchant armour {unknown}
 m - a scroll of fog {unknown}
 n - 3 scrolls of poison {unknown}
 p - a scroll of magic mapping {unknown}
 q - 2 scrolls of torment {unknown}
 r - a scroll of noise {unknown}
 w - a scroll of brand weapon {unknown}
Potions
 j - 2 potions of heal wounds {unknown}
 l - 2 potions of mutation {unknown}
 o - a potion of flight {unknown}
 u - a potion of curing {unknown}
 v - a potion of degeneration {unknown}
 z - 2 potions of haste {unknown}
 A - a potion of attraction {unknown}

Dungeon Overview and Level Annotations

Branches:
Dungeon (4/15)             Temple (1/1) D:4

Altars:
Hepliaklqana
Makhleb
Nemelex Xobeh
Okawaru
Ru
Uskayaw
Vehumet
Wu Jian
Xom
Yredelemnul
The Shining One

Shops:
D:1 =

Annotations:
D:4 Menkaure

#.####..# #.# #.######
##.#####.###.###.......
......##.'..⚑..'.#####.
#....#######.# #.
#..#.# ### #.# #.
#..#.#######.# #.
#..#.........#####.
#.##).................
#...M@.............###
#####.#########.......
#.# ≈≈≈##### #.# ##
##... #.# ...... #.#
≈##.## #.# #.## ..#
#... ####...


You could see Menkaure (magic disrupted).


Message History

Menkaure calls on the powers of darkness!
Your body is wracked with pain!
* * * LOW HITPOINT WARNING * * *
You hit Menkaure but do no damage.
Menkaure is lightly damaged.
You hit Menkaure. Your bite misses Menkaure.
Menkaure is lightly damaged.
Menkaure calls on the powers of darkness!
Your body is wracked with pain!
* * * LOW HITPOINT WARNING * * *
You hit Menkaure. Your bite misses Menkaure.
Menkaure is moderately damaged.
Menkaure blazes with dark energy!
Menkaure hits you!
* * * LOW HITPOINT WARNING * * *
You hit Menkaure. Your bite misses Menkaure.
Menkaure is moderately damaged.
You can now pass through a line of other dancers.
You hit Menkaure.
Menkaure is moderately damaged.
Menkaure hits you.
* * * LOW HITPOINT WARNING * * *
Use which ability? (? or * to list)
You don't have enough magic at the moment.
Unknown command.
You hit Menkaure but do no damage. You bite Menkaure.
Menkaure's magic leaks into the air.
You drain his magic.
You feel invigorated.
Menkaure is moderately damaged.
Menkaure hits you!
You die...

Skill      XL: |  1  2  3  4  5 |
---------------+----------------+-----
Long Blades    | 3 4 5 |  5.1
Stealth        | 1 2 |  2.4
Short Blades   | 1 |  1.6
Fighting       | |  1.7
Throwing       | |  1.7
Dodging        | |  2.4

Action                     |  1- 3 |  4- 6 || total
---------------------------+-------+-------++-------
  Melee: Long sword        |    55 |       ||    55
         Bite              |    32 |    37 ||    69
         Dagger            |    68 |   141 ||   209
         Punch             |     1 |     1 ||     2
 Invoke: Line Pass         |       |     1 ||     1
   Stab: Sleeping          |     1 |       ||     1
         Paralysed         |       |     1 ||     1
 Armour: Leather armour    |    41 |    46 ||    87
  Dodge: Dodged            |    84 |   105 ||   189

Levels and vault maps discovered:
D:1:      lightli_arrival_flooded_house, layout_basic, nicolae_shop_unique_rings
D:2:      layout_basic, chequers_ecumenical_altar_twisty, basic_altar,
          kennysheep_generic_room_10
D:3:      layout_loops_cross, mainiacjoe_overflow_24_doors,
          mainiacjoe_overflow_catch_the_wave, chequers_serial_rivers_room_b,
          uniq_terence
D:4:      cheibrodos_quashed, layout_loops_ring, lemuel_doored_altar,
          kennysheep_mini_moat, nemelex_xobeh_ov_fountains_minmay,
          temple_pool_b, minmay_surrounded, uniq_robin, uniq_menkaure
Temple:   hellmonk_temple_two_chambers

Notes
Turn   | Place    | Note
-------+----------+-------------------------------------------
     0 | D:1      | Jackthecabe the Vine Stalker Gladiator began the quest for
                  | the Orb.
     0 | D:1      | Reached XP level 1. HP: 11/11 MP: 2/2
   137 | D:1      | Reached skill level 3 in Long Blades
   194 | D:1      | Reached XP level 2. HP: 15/15 MP: 3/3
   399 | D:1      | Found Ocor Dath's One-of-a-Kind Rings.
   645 | D:1      | Reached XP level 3. HP: 16/18 MP: 4/4
  1019 | D:2      | Reached skill level 4 in Long Blades
  1026 | D:2      | Found an iron altar of Okawaru.
  1482 | D:2      | Gained mutation: Your natural rate of healing is unusually
                  | fast. [Vine Stalker growth]
  1482 | D:2      | Reached XP level 4. HP: 6/23 MP: 2/5
  1559 | D:2      | Found a faded altar of an unknown god.
  1998 | D:3      | Found a hazy altar of Hepliaklqana.
  2102 | D:3      | Found a hide-covered altar of Uskayaw.
  2107 | D:3      | Became a worshipper of Uskayaw the Reveller
  2227 | D:3      | Reached * piety under Uskayaw
  2314 | D:3      | Noticed Terence
  2323 | D:3      | Reached ** piety under Uskayaw
  2329 | D:3      | Killed Terence
  2330 | D:3      | Reached skill level 1 in Stealth
  2330 | D:3      | Reached XP level 5. HP: 14/26 MP: 4/6
  2412 | D:3      | Found a sacrificial altar of Ru.
  2653 | D:4      | Reached skill level 1 in Short Blades
  2671 | D:4      | Reached skill level 5 in Long Blades
  2671 | D:4      | Reached skill level 2 in Stealth
  2711 | D:4      | Found a sparkling altar of Nemelex Xobeh.
  2746 | D:4      | Noticed Robin
  2802 | D:4      | Reached *** piety under Uskayaw
  2846 | D:4      | Found a staircase to the Ecumenical Temple.
  2863 | Temple   | Entered the Ecumenical Temple
  3063 | D:4      | Killed Robin
  3083 | D:4      | Found a shimmering altar of Xom.
  3106 | D:4      | Noticed Menkaure
  3121 | D:4      | HP: 2/26 [Menkaure (2)]
  3122 | D:4      | Slain by Menkaure

Vanquished Creatures
  A sleepcap (D:4)
  Terence (D:3)
  Robin (D:4)
  7 adders
  An ufetubus (D:4)
  2 worms
  3 dart slugs
  10 ball pythons
  5 endoplasms
  A giant cockroach (D:2)
  7 hobgoblins
  3 jackals (D:1)
  4 quokkas
  3 bats
  A frilled lizard (D:1)
  15 goblins
  10 kobolds
  5 rats
80 creatures vanquished.

Table legend: (Time is in decaauts)
 A = Elapsed time spent in this place.
 B = Non-inter-level travel time spent in this place.
 C = Inter-level travel time spent in this place.
 D = Time resting spent in this place.
 E = Time spent auto-exploring this place.
 F = Levels seen in this place.
 G = Mean time per level.
                   A        B        C        D        E       F      G
               +--------+--------+--------+--------+--------+-----+--------+
         Total |   3108 |   3034 |     74 |    113 |   2257 |   5 |  621.6 |
       Dungeon |   3090 |   3020 |     70 |    113 |   2246 |   4 |  772.5 |
        Temple |     17 |     13 |      4 |      0 |     11 |   1 |   17.0 |
               +--------+--------+--------+--------+--------+-----+--------+

Top non-repeatable levels by time:
     D:1: 1001 daAuts
     D:2: 878 daAuts
     D:3: 735 daAuts
     D:4: 475 daAuts
  Temple: 17 daAuts

Table legend:
 A = Non-vault XP
 B = Vault XP
 C = Vault XP percentage of total XP
 D = Non-vault monster count
 E = Vault monster count
 F = Vault count percentage of total count
                 A         B        C        D         E       F
            +---------+---------+-------+---------+---------+-------
      Total |     192 |     121 |  38.7 |      64 |      16 |  20.0
            +---------+---------+-------+---------+---------+-------
        D:1 |      46 |       0 |   0.0 |      27 |       0 |   0.0
        D:2 |      54 |       1 |   1.8 |      17 |       1 |   5.6
        D:3 |      60 |      36 |  37.5 |      12 |       1 |   7.7
        D:4 |      32 |      84 |  72.4 |       8 |      14 |  63.6
            +---------+---------+-------+---------+---------+-------
